 Dungeon Crawl Stone Soup version 0.30.0-10-gfe55d96785 (webtiles) character file.

Game seed: 15681755908095597439

1658 GigaChad the Cleaver (level 8, 0/71 HPs)
             Began as a Minotaur Fighter on May 16, 2023.
             Was an Initiate of Wu Jian.
             Splashed by a jelly's acid (8 damage)
             ... on level 6 of the Dungeon.
             The game lasted 00:07:27 (5820 turns).

GigaChad the Cleaver (Minotaur Fighter)             Turns: 5820, Time: 00:07:28

Health: 0/71       AC:  7    Str: 24    XL:     8   Next: 68%
Magic:  7/7        EV:  9    Int:  5    God:    Wu Jian [......]
Gold:   443        SH:  7    Dex:  9    Spells: 7/7 levels left

rFire   . . .        a - +1 war axe (elec)
rCold   . . .        s - +2 buckler
rNeg    . . .        m - +2 scale mail {Will+}
rPois   .            (helmet restricted)
rElec   .            k - +0 cloak
rCorr   .            (no gloves)
SInv    .            (no boots)
Will    +....        o - amulet of the acrobat Stlth
                     (no ring)
HPRegen 0.31/turn    (no ring)
MPRegen 0.10/turn

%: acrobat
@: corroded, very slow
A: horns 2, retaliatory headbutt
a: Renounce Religion


You were on level 6 of the Dungeon.
You worshipped Wu Jian.
Wu Jian was noncommittal.
You visited 2 branches of the dungeon, and saw 7 of its levels.
You also visited: Sewer.

You collected 443 gold pieces.

Inventory:

Hand Weapons
 a - a +1 war axe of electrocution (weapon)
 y - a +0 battleaxe
Armour
 b - a +0 scale mail
 k - a +0 cloak (worn)
 m - a +2 scale mail of willpower (worn)
 s - a +2 buckler (worn)
Jewellery
 e - an amulet of magic regeneration
 o - an amulet of the acrobat (around neck)
Wands
 t - a wand of iceblast (3)
 v - a wand of flame (17)
Scrolls
 i - a scroll of poison
 j - 3 scrolls of fear
 l - a scroll of identify
 r - 2 scrolls of fog
 w - a scroll of amnesia {unknown}
 x - a scroll of enchant weapon
 z - a scroll of silence {unknown}
Potions
 c - a potion of berserk rage {unknown}
 d - 3 potions of might
 f - 4 potions of curing {unknown}
 g - 2 potions of flight
 h - a potion of magic {unknown}
 n - a potion of attraction {unknown}
 p - a potion of cancellation {unknown}
 q - a potion of resistance {unknown}
 u - a potion of heal wounds {unknown}


   Skills:
 * Level 6.7 Fighting
 * Level 9.3 Axes
 * Level 7.2 Armour
 * Level 6.0 Shields


You had 7 spell levels left.
You didn't know any spells.
Your spell library contained the following spells:

 Spells                   Type           Power      Damage    Failure   Level
 Apportation              Tloc           0%         N/A       80%         1
 Beastly Appendage        Tmut           0%         N/A       80%         1
 Foxfire                  Conj/Fire      0%         2x1d4     80%         1
 Necrotise                Necr           0%         1d4       80%         1
 Summon Small Mammal      Summ           0%         N/A       80%         1
 Lesser Beckoning         Tloc           0%         N/A       91%         2
 Wereblood                Tmut           0%         N/A       91%         2
 Gell's Gravitas          Tloc           0%         N/A       99%         3
 Ignite Poison            Fire/Tmut/Pois 0%         N/A       99%         3
 Spider Form              Tmut/Pois      0%         N/A       99%         3
 Teleport Other           Tloc           0%         N/A       99%         3
 Vhi's Electric Charge    Tloc/Air       0%         N/A       99%         3
 Sticky Flame             Conj/Fire      0%         2d3       100%        4
 Arcjolt                  Conj/Air       0%         1d10      100%        5
 Blade Hands              Tmut           0%         N/A       100%        5
 Plasma Beam              Fire/Air       0%         2x1d11    100%        6
 Ignition                 Fire           0%         3d3       100%        8


Dungeon Overview and Level Annotations

Branches:
Dungeon (6/15)             Temple (1/1) D:6           Sewer (visited)

Altars:
Ashenzari
Cheibriados
Dithmenos
Elyvilon
Gozag
Hepliaklqana
Kikubaaqudgha
Makhleb
Nemelex Xobeh
Okawaru
Qazlal
Ru
Sif Muna
Trog
Uskayaw
Vehumet
Wu Jian
Xom
Yredelemnul
Zin
The Shining One

Annotations:
D:3 1 runed translucent door, hito's ghost, amateur NaRe


Innate Abilities, Weirdness & Mutations

You have a pair of horns on your head.
You reflexively headbutt those who attack you in melee.


Message History

You barely miss the electric eel. Your headbutt misses the electric eel.
You barely miss the ice beast. The ice beast hits you.
The ice beast freezes you!
* * * LOW HITPOINT WARNING * * *
Unknown command.
You slash the electric eel! Your headbutt misses the electric eel.
The electric eel is almost dead.
You miss the hound. You hit the ice beast but do no damage.
The ice beast hits you but does no damage.
The hound bites you but does no damage.
Unknown command.
You barely miss the electric eel. You headbutt the electric eel.
You kill the electric eel!
The Council accepts your kill.
You hear a splash.
You hit the ice beast. You hit the hound.
You kill the hound!
The Council accepts your kill.
The ice beast hits you but does no damage.
You slash the black bear!
Lightning courses through the black bear!
You kill the black bear!
The Council accepts your kill.
You hit the ice beast but do no damage. You block the ice beast's attack.
Your Shields skill increases to level 6!
Unknown command.
You enter the shallow water.
Moving in this stuff is going to be slow.
The ice beast closely misses you.
Things that are here:
a black bear corpse; an electric eel corpse You barely miss the ice beast.
The ice beast is lightly wounded.
You hit the jelly.
Your hands burn!
* * * LOW HITPOINT WARNING * * *
The jelly hits you but does no damage. You block the ice beast's attack.
The ice beast barely misses you. The jelly hits you.
* * * LOW HITPOINT WARNING * * *
The acid corrodes you!
You are splashed with acid!
You die...

#.# ###.#
...........~# ).††#
....$.......~# ###.#
.....$$......~# ###.#
..............~# ...†#
.≈~~≈....≈~~≈.~# ....#
.~~~~....~~~~.~# ##..#
.~~~~....~~~~.~# ##..#
.≈~~≈....Y@~≈.~# ##..#
.........J....~# ##..#
~~~~~S..~~~~~~~#
##..########''########
##....#...##..####.#
##.(#####..........#
......#...##########
......#.### ##.##...#


You could see an ice beast, a jelly and an electric eel.

Vanquished Creatures
  Sigmund (D:6)
  A water moccasin (D:5)
  An ice beast (D:6)
  2 black bears
  A phantom (D:6)
  3 bullfrogs
  2 scorpions
  An electric eel (D:6)
  3 hounds (D:6)
  A jelly (D:5)
  2 sleepcaps
  5 iguanas
  4 orc wizards
  14 adders
  2 river rats (Sewer)
  2 ufetubi (D:5)
  4 worms
  2 dart slugs
  11 orcs
  20 ball pythons
  5 bats
  6 endoplasms
  4 giant cockroaches
  16 hobgoblins
  3 jackals (D:3)
  6 quokkas
  6 frilled lizards
  15 goblins
  8 kobolds
  32 rats
183 creatures vanquished.

Vanquished Creatures (others)
  A shadow imp (D:6)
1 creature vanquished.

Grand Total: 184 creatures vanquished

Notes
Turn   | Place    | Note
-------+----------+-------------------------------------------
     0 | D:1      | GigaChad the Minotaur Fighter began the quest for the Orb.
     0 | D:1      | Reached XP level 1. HP: 19/19 MP: 0/0
   228 | D:1      | Reached XP level 2. HP: 22/27 MP: 1/1
   732 | D:2      | Reached XP level 3. HP: 33/33 MP: 2/2
   940 | D:2      | Reached skill level 3 in Axes
  1976 | D:3      | Reached XP level 4. HP: 39/41 MP: 3/3
  2174 | D:3      | Reached skill level 4 in Axes
  2195 | D:3      | Reached XP level 5. HP: 10/47 MP: 4/4
  2371 | D:3      | Found a runed translucent door.
  2378 | D:3      | Noticed hito's ghost (amateur NaRe)
  2610 | D:3      | Identified the +7 sling "Biosorch" {flame, Stlth+}
  3090 | D:4      | Found a glowing drain.
  3165 | Sewer    | Entered a sewer
  3245 | Sewer    | Reached skill level 5 in Axes
  3395 | Sewer    | Reached skill level 5 in Armour
  3398 | Sewer    | Reached skill level 5 in Fighting
  3398 | Sewer    | Reached XP level 6. HP: 47/56 MP: 5/5
  3866 | D:4      | Reached skill level 6 in Axes
  3889 | D:4      | Got Cewnar's Annotations on Transformed Burning
  4025 | D:4      | Reached XP level 7. HP: 61/61 MP: 6/6
  4206 | D:5      | Entered Level 5 of the Dungeon
  4307 | D:5      | Found a basalt altar of Yredelemnul.
  4307 | D:5      | Found a hazy altar of Hepliaklqana.
  4412 | D:5      | Reached skill level 5 in Shields
  4530 | D:5      | Reached skill level 7 in Axes
  5068 | D:6      | Reached XP level 8. HP: 69/70 MP: 7/7
  5075 | D:6      | Reached skill level 8 in Axes
  5279 | D:6      | Noticed Sigmund
  5284 | D:6      | Killed Sigmund
  5358 | D:6      | Found a glowing silver altar of Zin.
  5394 | D:6      | Found a staircase to the Ecumenical Temple.
  5415 | Temple   | Entered the Ecumenical Temple
  5524 | Temple   | Became a worshipper of the Wu Jian Council
  5638 | D:6      | Reached skill level 9 in Axes
  5820 | D:6      | Splashed by a jelly's acid

Illustrated notes

Levels and vault maps discovered:
D:1:      mushboom_english_gardens, layout_basic
D:2:      cheibrodos_greedy_goblins, layout_loops_corners
D:3:      layout_basic, ebering_ghost_sewer_d, grunt_ministairs_8
D:4:      layout_basic, cheibrodos_sewer_entry_sluice,
          minmay_goblin_kobold_house
D:5:      layout_loops_ring, gammafunk_temple_overflow_wave
D:6:      layout_loops_ring, zin_academy, minmay_temple_entry_large_hall,
          kennysheep_dice, uniq_sigmund
Temple:   mainiacjoe_temple_coin_purse

Skill      XL: |  1  2  3  4  5  6  7  8 |
---------------+-------------------------+-----
Fighting       | 4 5 6 |  6.7
Shields        | 4 5 6 |  6.0
Armour         | 4 5 6 7 |  7.2
Axes           | 3 4 5 6 7 9 |  9.3

Action                     |  1- 3 |  4- 6 |  7- 9 || total
---------------------------+-------+-------+-------++-------
  Melee: War axe           |   102 |   180 |   108 ||   390
         Headbutt          |     5 |    21 |    15 ||    41
Ability: Lunge             |       |       |     1 ||     1
    Use: Scroll            |     7 |     6 |       ||    13
 Armour: Scale mail        |    41 |   110 |    37 ||   188
  Dodge: Dodged            |    37 |   105 |    54 ||   196
  Block: Buckler           |    22 |    39 |    39 ||   100
